 Dungeon Crawl Stone Soup version 0.29.1-13-g9f3cf754e1 (webtiles) character file.

Game seed: 18117511399654111589

14485 suse60 the Fighter (level 12, -11/102 HPs)
             Began as a Formicid Fighter on Feb 1, 2023.
             Was a High Priest of Okawaru.
             Mangled by a dire elephant (25 damage)
             ... on level 2 of the Lair of Beasts on Feb 2, 2023.
             The game lasted 01:17:45 (13023 turns).

suse60 the Fighter (Formicid Fighter)              Turns: 13023, Time: 01:17:45

Health: -11/102    AC: 21    Str: 25    XL:     12   Next: 45%
Magic:  18/18      EV: 15    Int:  9    God:    Okawaru [*****.]
Gold:   521        SH:  6    Dex: 13    Spells: 11/11 levels left

rFire   . . .      SeeInvis +   v - +2 battleaxe (vorpal)
rCold   + + .      Faith    +   c - +0 buckler
rNeg    . . .      Spirit   .   i - +0 ice dragon scales
rPois   .          Reflect  .   (helmet unavailable)
rElec   .          Harm     .   t - +2 cloak
rCorr   .          Rampage  .   w - +1 pair of gloves
Will    +....                   o - +0 pair of boots
Stlth   +.........              b - amulet of faith
HPRegen 0.27/turn               p - ring of flight
MPRegen 0.16/turn               r - ring of protection from fire

@: heroic, flying
A: permanent stasis, dig shafts and tunnels, antennae 3, four strong arms
a: Dig, Shaft Self, Renounce Religion, Heroism, Finesse, Duel


You were on level 2 of the Lair of Beasts.
You worshipped Okawaru.
Okawaru was extremely pleased with you.
You visited 3 branches of the dungeon, and saw 13 of its levels.
You also visited: Sewer.

You collected 617 gold pieces.
You spent 96 gold pieces at shops.

Inventory:

Hand Weapons
 a - a +1 war axe of flaming
 g - a +2 shortbow of flaming
 v - a +2 vorpal battleaxe (weapon)
Missiles
 h - 3 throwing nets (quivered)
Armour
 c - a +0 buckler (worn)
 i - +0 ice dragon scales (worn)
 l - a scarf of resistance
 o - a +0 pair of boots (worn)
 t - a +2 cloak (worn)
 w - a +1 pair of gloves (worn)
Jewellery
 b - an amulet of faith (around neck)
 p - a ring of flight (left hand)
 r - a ring of protection from fire (right hand)
Wands
 n - a wand of flame (21)
 q - a wand of iceblast (2)
Scrolls
 m - 2 scrolls of identify
Potions
 d - a potion of might
 e - 3 potions of lignification
 j - a potion of cancellation
 k - 2 potions of brilliance
 u - 2 potions of mutation
Miscellaneous
 f - a condenser vane (inert)


   Skills:
 + Level 12.1(17.1) Fighting
 + Level 11.6(16.6) Axes
 - Level 6.0(11.0) Armour
 + Level 7.3(12.3) Dodging
 - Level 4.0(9.0) Shields
 - Level 8.2 Invocations


You had 11 spell levels left.
You didn't know any spells.
Your spell library contained the following spells:

 Spells                   Type           Power      Damage    Failure   Level
 Beastly Appendage        Tmut           0%         N/A       73%         1
 Magic Dart               Conj           0%         1d3       73%         1
 Sandblast                Erth           0%         2d4       73%         1
 Slow                     Hex            0%         N/A       73%         1
 Ensorcelled Hibernation  Hex/Ice        0%         N/A       86%         2
 Passwall                 Tmut/Erth      0%         N/A       86%         2
 Searing Ray              Conj           0%         2d4       86%         2
 Sublimation of Blood     Necr           0%         N/A       86%         2
 Wereblood                Tmut           0%         N/A       86%         2
 Confusing Touch          Hex            0%         N/A       97%         3
 Lesser Beckoning         Tloc           0%         N/A       97%         3
 Mephitic Cloud           Conj/Pois/Air  0%         N/A       97%         3
 Spider Form              Tmut/Pois      0%         N/A       97%         3
 Stone Arrow              Conj/Erth      0%         3d7       97%         3
 Vampiric Draining        Necr           0%         2d6       97%         3
 Anguish                  Hex/Necr       0%         N/A       100%        4
 Fulminant Prism          Conj/Hex       0%         3d6       100%        4
 Leda's Liquefaction      Hex/Erth       0%         N/A       100%        4
 Petrify                  Tmut/Erth      0%         N/A       100%        4
 Irradiate                Conj/Tmut      0%         3d11      100%        5
 Lee's Rapid Deconstruct  Erth           0%         3d5*      100%        5
 Manifold Assault         Tloc           0%         N/A       100%        5
 Statue Form              Tmut/Erth      0%         N/A       100%        6
 Blink                    Tloc           Unusable   N/A       N/A         2
 Call Imp                 Summ           Unusable   N/A       N/A         2

Dungeon Overview and Level Annotations

Branches:
Dungeon (10/15)            Temple (1/1) D:6            Lair (2/5) D:10
  Sewer (visited)
  Swamp: Lair:2-3    Shoals: Lair:2-3     Snake: Lair:2-3    Spider: Lair:2-3
    Orc: D:9-12

Altars:
Ashenzari
Cheibriados
Dithmenos
Fedhas
Gozag
Hepliaklqana
Kikubaaqudgha
Nemelex Xobeh
Okawaru
Qazlal
Ru
Trog
Xom
Yredelemnul
Zin

Shops:
D:9 ?

Annotations:
D:9 3 runed translucent doors, Andromeda's ghost, novice HOFi


Innate Abilities, Weirdness & Mutations

You cannot be hasted, slowed, berserked, paralysed or teleported.
You can dig through walls and to a lower floor.
You have a pair of large antennae on your head. (SInv)
Your four strong arms can wield two-handed weapons with a shield.


Message History

The dire elephant is lightly wounded.
The dire elephant tramples you!!
You hold your ground!
The dire elephant trunk-slaps you but does no damage.
You slash the dire elephant!
The dire elephant is moderately wounded.
The dire elephant tramples you!
You hold your ground!
The dire elephant trunk-slaps you but does no damage.
You hit the dire elephant but do no damage.
The dire elephant is moderately wounded.
You block the dire elephant's attack. The dire elephant misses you.
You barely miss the dire elephant.
The dire elephant is moderately wounded.
The dire elephant misses you.
The dire elephant trunk-slaps you but does no damage.
You hit the dire elephant but do no damage.
The dire elephant is moderately wounded.
You block the dire elephant's attack.
The dire elephant trunk-slaps you but does no damage.
You slash the dire elephant!
The dire elephant is moderately wounded.
The dire elephant tramples you!
You hold your ground!
You block the dire elephant's attack.
You hit the dire elephant.
The dire elephant is heavily wounded.
The dire elephant barely misses you. You block the dire elephant's attack.
You hit the dire elephant.
The dire elephant is heavily wounded.
The dire elephant tramples you!!
You hold your ground!
The dire elephant completely misses you.
You hit the dire elephant but do no damage.
The dire elephant is heavily wounded.
You hit the dire elephant but do no damage.
The dire elephant is heavily wounded.
The dire elephant tramples you!!
* * * LOW HITPOINT WARNING * * *
You hold your ground!
The dire elephant misses you.
You slash the dire elephant!
The dire elephant is heavily wounded.
The dire elephant tramples you!!
You die...

## {....... .# {{ {.Y.#.. .#
......~ # +# ##.....♣ # ######.
###.....≈♣ ..... ##......♣≈PY #
...##### ####..#P..P♣
######+#.##..# ##Y†......P♣≈..
##..........# ##@#.......~≈....
..#.........###.##.......~≈P.P.
...+..........†.##.......P≈....
##.......?................♣♣..
####..........##..........~≈..
#........####...........≈
#........# #.#..........
#..P..#.## #.##.#.#####
#####.....### ### #...#


You could see a dire elephant.

Vanquished Creatures
  Harold (D:10)
  A hydra (Lair:1)
  A death yak (Lair:2)
  3 elephants
  A black mamba (Lair:2)
  Maggie (D:6)
  4 cane toads (Lair:1)
  An unseen horror (D:10)
  A polar bear (Lair:2)
  A troll (D:10)
  10 blink frogs
  2 shadows
  3 wyverns
  A vampire (D:10)
  7 yaks
  A basilisk (Lair:1)
  5 steam dragons
  Menkaure (D:6)
  6 water moccasins
  An ice beast (D:6)
  2 orc warriors
  4 sky beasts
  5 black bears
  5 wolves (Lair:1)
  5 centaurs
  An ogre (D:5)
  A phantom (D:5)
  A kobold brigand (D:7)
  12 bullfrogs
  A gnoll sergeant (D:10)
  3 scorpions
  A howler monkey (D:8)
  2 electric eels (D:10)
  6 hounds
  An iron imp (D:5)
  4 jellies
  4 orc priests
  Crazy Yiuf (D:7)
  An iguana (D:5)
  2 orc wizards
  5 gnolls (D:10)
  10 adders
  3 shadow imps
  2 white imps
  An ufetubus (D:5)
  A worm (D:2)
  3 dart slugs
  23 orcs
  2 bats
  7 endoplasms
  20 giant cockroaches
  9 hobgoblins
  5 jackals
  2 quokkas
  8 ball pythons
  24 frilled lizards
  10 goblins
  17 kobolds
  6 rats
272 creatures vanquished.

Vanquished Creatures (others)
  15 fungi
  14 plants
29 creatures vanquished.

Grand Total: 301 creatures vanquished

Notes
Turn   | Place    | Note
-------+----------+-------------------------------------------
     0 | D:1      | suse60 the Formicid Fighter began the quest for the Orb.
     0 | D:1      | Reached XP level 1. HP: 18/18 MP: 1/1
   152 | D:1      | Reached XP level 2. HP: 24/24 MP: 2/2
   544 | D:1      | Reached XP level 3. HP: 28/30 MP: 3/3
   702 | D:2      | Reached skill level 4 in Fighting
   729 | D:2      | Found a faded altar of an unknown god.
  1567 | D:3      | Reached XP level 4. HP: 37/37 MP: 4/4
  1695 | D:3      | Noticed a bullfrog
  1707 | D:3      | Killed a bullfrog
  1708 | D:3      | Reached XP level 5. HP: 35/43 MP: 5/5
  1863 | D:3      | Reached skill level 5 in Fighting
  2195 | D:3      | Found a broken altar of Ashenzari.
  2240 | D:3      | Found a glowing silver altar of Zin.
  2240 | D:3      | Noticed an angel
  2722 | D:4      | Reached XP level 6. HP: 51/51 MP: 6/6
  3273 | D:5      | Entered Level 5 of the Dungeon
  3298 | D:5      | Reached skill level 6 in Fighting
  3298 | D:5      | Reached skill level 5 in Axes
  3301 | D:5      | Reached XP level 7. HP: 42/58 MP: 7/7
  3493 | D:5      | Found a glowing drain.
  3502 | D:5      | Reached skill level 7 in Fighting
  3509 | Sewer    | Entered a sewer
  3791 | Sewer    | Reached XP level 8. HP: 57/67 MP: 8/8
  3966 | D:5      | Found a snail-covered altar of Cheibriados.
  4358 | D:6      | Noticed Menkaure
  4358 | D:6      | Noticed Maggie
  4368 | D:6      | Killed Menkaure
  4369 | D:6      | Reached skill level 8 in Fighting
  4660 | D:6      | Reached XP level 9. HP: 75/75 MP: 9/9
  4677 | D:6      | Reached skill level 9 in Fighting
  4951 | D:6      | Found a basalt altar of Yredelemnul.
  4951 | D:6      | Found a sparkling altar of Nemelex Xobeh.
  4951 | D:6      | Found an opulent altar of Gozag.
  5001 | D:6      | Killed Maggie
  5301 | D:6      | Found an iron altar of Okawaru.
  5322 | D:6      | Became a worshipper of Warmaster Okawaru
  5503 | D:6      | Reached skill level 1 in Invocations
  5672 | D:6      | Found a staircase to the Ecumenical Temple.
  5679 | Temple   | Entered the Ecumenical Temple
  5989 | D:7      | Found a runed translucent door.
  5990 | D:7      | Noticed Crazy Yiuf
  5995 | D:7      | Killed Crazy Yiuf
  6156 | D:7      | Reached * piety under Okawaru
  6768 | D:7      | Reached XP level 10. HP: 85/85 MP: 12/12
  6834 | D:7      | Found a shadowy altar of Dithmenos.
  7471 | D:8      | Found a shimmering altar of Xom.
  7615 | D:8      | Reached ** piety under Okawaru
  7616 | D:8      | Reached skill level 10 in Axes
  7616 | D:8      | Reached skill level 5 in Armour
  8340 | D:9      | Noticed Andromeda's ghost (novice HOFi)
  8361 | D:9      | Found a runed translucent gate.
  8361 | D:9      | Found a runed translucent gate.
  8361 | D:9      | Found a runed translucent gate.
  8470 | D:9      | Reached skill level 1 in Dodging
  8696 | D:9      | Found Itoosuoh's Magic Scroll Shoppe.
  8704 | D:9      | Bought a scroll of identify for 24 gold pieces
  8704 | D:9      | Bought a scroll of identify for 24 gold pieces
  8705 | D:9      | Bought a scroll of fear for 48 gold pieces
  9023 | D:9      | Found a sacrificial altar of Ru.
  9602 | D:10     | Entered Level 10 of the Dungeon
  9622 | D:10     | Reached *** piety under Okawaru
  9911 | D:10     | Found an ancient bone altar of Kikubaaqudgha.
  9937 | D:10     | Noticed an unseen horror
  9943 | D:10     | Killed an unseen horror
  9986 | D:10     | Found a blossoming altar of Fedhas.
 10001 | D:10     | Identified the +1 scale mail "Qatu" {rF+ MP+9}
 10029 | D:10     | Noticed a four-headed hydra
 10029 | D:10     | Noticed a death knight
 10029 | D:10     | Noticed a great orb of eyes
 10029 | D:10     | Noticed a stone giant
 10066 | D:10     | Noticed a cane toad
 10066 | D:10     | a polar bear changed into a cane toad
 10071 | D:10     | HP: 2/85 [stone giant/large rock (20)]
 10294 | D:9      | Reached XP level 11. HP: 27/90 MP: 13/13
 10753 | D:10     | Found a stormy altar of Qazlal.
 10784 | D:10     | Found a bloodstained altar of Trog.
 10787 | D:10     | Found a hazy altar of Hepliaklqana.
 10797 | D:10     | Reached **** piety under Okawaru
 10830 | D:10     | Noticed Harold
 10847 | D:10     | Killed Harold
 10847 | D:10     | Received a gift from Okawaru
 10848 | D:10     | Reached skill level 10 in Fighting
 10909 | D:10     | Noticed an elephant
 10925 | D:10     | Killed an elephant
 10926 | D:10     | Reached skill level 5 in Invocations
 11017 | D:10     | Reached skill level 5 in Dodging
 11062 | D:10     | Found a staircase to the Lair.
 11071 | Lair:1   | Entered Level 1 of the Lair of Beasts
 11136 | Lair:1   | Reached ***** piety under Okawaru
 11541 | Lair:1   | Reached skill level 11 in Fighting
 11779 | Lair:1   | Received a gift from Okawaru
 12162 | Lair:1   | Noticed a six-headed hydra
 12182 | Lair:1   | Killed a two-headed hydra
 12183 | Lair:1   | Reached XP level 12. HP: 71/100 MP: 15/17
 12564 | Lair:2   | Noticed a death yak
 12564 | Lair:2   | Noticed a death yak
 12620 | Lair:2   | Received a gift from Okawaru
 12856 | Lair:2   | Noticed a death yak
 12868 | Lair:2   | Killed a death yak
 12869 | Lair:2   | Reached skill level 12 in Fighting
 13003 | Lair:2   | Noticed a dire elephant
 13023 | Lair:2   | Mangled by a dire elephant

Illustrated notes

Levels and vault maps discovered:
D:1:      eino_arrival_water_star, layout_rooms, chequers_serial_rivers_micro_e
D:2:      layout_loops_cross, chequers_ecumenical_altar_grove,
          minmay_misc_feat_rows, grunt_ministairs_9,
          chequers_serial_rivers_room_a, minmay_misc_feat_enclosed,
          minmay_lizard_king
D:3:      layout_rooms, evilmike_ruin_ashenzari, zin_angel,
          grunt_decor_fettered, wad_rectangle_vault
D:4:      layout_basic
D:5:      layout_basic, slow_altar_2, gup_sewer_entry_pipe
D:6:      layout_loops_ring, mainiacjoe_overflow_tiny_flanked,
          gammafunk_temple_overflow_claw, minmay_temple_entry_junction_2,
          kennysheep_another_room, uniq_menkaure, uniq_maggie
D:7:      layout_gridville, nicolae_dithmenos_through_a_glass_darkly,
          uniq_crazy_yiuf_cottage
D:8:      hellmonk_ruined_rings, layout_gridville,
          nicolae_overflow_crystal_walls, serial_glass, glass_columns_b,
          glass_columns_a
D:9:      layout_loops_ring, lemuel_crystal_altar, serial_shops,
          nicolae_shop_statue_plus, gammafunk_ghost_icy
D:10:     layout_rooms, grunt_qazlal_clouds, fedhas_altar_3,
          nicolae_overflow_squiral, makhleb_altar_promises_db,
          mainiacjoe_overflow_24_doors, david_lair_generic,
          nicolae_rejected_hall, uniq_fannar, uniq_harold
Temple:   corrupted_temple
Lair:1:   layout_hall_layers, serial_bayou_shore_b, lemuel_fruit_tree
Lair:2:   layout_roguey, elwin_shoals_entry_rocks,
          nicolae_spider_entry_tight_spaces, nicolae_lair_grazing_beasts
          [nicolae_sub_lair_graze_edge, nicolae_sub_lair_graze_edge,
          nicolae_sub_lair_graze_edge, nicolae_sub_lair_graze_edge]

Skill      XL: |  1  2  3  4  5  6  7  8  9 10 11 12 |
---------------+-------------------------------------+-----
Fighting       | 4 5 6 7 8 9 11 12 | 12.1
Axes           | 3 4 5 6 7 9 11 | 11.6
Invocations    | 3 7 8 |  8.2
Armour         | 6 |  6.0
Dodging        | 3 6 7 |  7.3
Shields        | |  4.0

Action                   |  1- 3 |  4- 6 |  7- 9 | 10-12 || total
-------------------------+-------+-------+-------+-------++-------
Melee: War axe           |   101 |   144 |   284 |   313 ||   842
       Broad axe         |       |       |       |    10 ||    10
       Battleaxe         |       |       |       |    37 ||    37
 Fire: Sling             |       |       |     3 |       ||     3
Throw: Javelin           |       |       |       |     1 ||     1
       Throwing net      |       |       |       |     1 ||     1
Invok: Heroism           |       |       |       |     6 ||     6
Evoke: Wand              |       |       |    19 |    12 ||    31
       Condenser vane    |       |       |       |     1 ||     1
  Use: Scroll            |     8 |     4 |     5 |     9 ||    26
       Potion            |       |     1 |     3 |     8 ||    12
Armor: Scale mail        |     9 |       |       |       ||     9
       Ice dragon scales |    28 |    71 |   150 |   182 ||   431
Dodge: Dodged            |    33 |    46 |   109 |   188 ||   376
Block: Buckler           |    19 |    23 |    74 |    74 ||   190
